 Dungeon Crawl Stone Soup version 0.31-a0-188-g5e087ee2ca (webtiles) character file.

Game seed: 6879775649492826730

68 qw the Shooter (level 4, 0/25 HPs)
             Began as a Deep Elf Hunter on June 23, 2023.
             Killed from afar by Sigmund (7 damage)
             ... with a puff of flame
             ... on level 2 of the Dungeon.
             The game lasted 00:00:28 (1018 turns).

qw the Shooter (Deep Elf Hunter)                    Turns: 1018, Time: 00:00:29

Health: 0/25       AC:  3    Str: 10    XL:     4   Next: 1%
Magic:  6/6        EV: 12    Int: 14    God:
Gold:   75         SH:  0    Dex: 18    Spells: 3/3 levels left

rFire   . . .        Y - +0 shortbow
rCold   . . .        (shield currently unavailable)
rNeg    . . .        c - +0 leather armour
rPois   .            (no helmet)
rElec   .            (no cloak)
rCorr   .            (no gloves)
SInv    .            (no boots)
Will    .....        (no amulet)
Stlth   ++           (no ring)
HPRegen 0.24/turn    (no ring)
MPRegen 0.10/turn

%: no passive effects
@: lethally poisoned (0 -> -4)
A: no striking features
a: no special abilities


You were on level 2 of the Dungeon.
You visited 1 branch of the dungeon, and saw 2 of its levels.

You collected 75 gold pieces.


   Skills:
 - Level 1.5 Fighting
 + Level 7.4 Ranged Weapons
 - Level 2.4 Dodging
 - Level 1.2 Stealth


You had 3 spell levels left.
You didn't know any spells.
Your spell library was empty.

Inventory:

Hand Weapons
 Y - a +0 shortbow (weapon)
Armour
 b - a +1 ring mail of poison resistance
 c - a +0 leather armour (worn)
Jewellery
 e - a ring of ice
Scrolls
 a - a scroll of revelation {unknown}
 d - 2 scrolls of identify

Dungeon Overview and Level Annotations

Branches:
Dungeon (2/15)

Altars:

Annotations:
D:2 Sigmund


Message History

Enter note:
Enter note:
Enter note:
Enter note: You shoot an arrow.
The arrow hits Sigmund.
Sigmund is moderately wounded.
Sigmund barely misses you.
You shoot an arrow.
The arrow hits Sigmund but does no damage.
Sigmund is moderately wounded.
Sigmund misses you.
You shoot an arrow.
The arrow hits Sigmund but does no damage.
Sigmund is moderately wounded.
You shoot an arrow. The arrow closely misses Sigmund.
Sigmund hits you from afar with a +1 scythe of venom.
You shoot an arrow. The arrow hits Sigmund.
Sigmund is moderately wounded.
Sigmund hits you from afar with a +1 scythe of venom.
You shoot an arrow. The arrow hits Sigmund.
Sigmund is heavily wounded.
Sigmund hits you from afar with a +1 scythe of venom.
You are poisoned.
Enter note:
Enter note:
Enter note:
Enter note:
Enter note:
Enter note:
Enter note:
Enter note:
Enter note:
1017 ||| UPGRADING to +1 ring mail of poison resistance.
You feel sick.
You start removing your armour.
You continue taking off your +0 leather armour.
You feel sick. Sigmund gestures at you while chanting.
You stop removing your armour.
The puff of flame hits you!
You die...

.# ###.......# .####
##...####.##
....###..##...#.#
###...#.#.....#)#
..###>..#.#...#.####
#.# ###.#.###.#.#.. #.#
#.#.......#@# #.#
#.#####.###.# #.###
#.#####...@.###
....###.##<...###.....#
....#...###....##.###.#
.####.### #.#..#..#
.......####.#.....###
#####.......##......#
#..#.#####.######
#..#.#####.#
#..#.#.....#


You could see Sigmund.

Vanquished Creatures
  2 adders (D:2)
  An adder skeleton (D:2)
  A worm (D:2)
  A dart slug (D:1)
  A bat zombie (D:2)
  6 endoplasms (D:1)
  2 giant cockroaches (D:1)
  2 goblins (D:1)
  2 hobgoblins (D:1)
  2 quokkas
  7 ball pythons
  A ball python zombie (D:2)
  6 bats
  A frilled lizard (D:2)
  4 kobolds
  A quokka zombie (D:2)
  2 rats
42 creatures vanquished.

Notes
Turn   | Place    | Note
-------+----------+-------------------------------------------
     0 | D:1      | qw the Deep Elf Hunter began the quest for the Orb.
     0 | D:1      | Reached XP level 1. HP: 12/12 MP: 3/3
     0 | D:1      | 0 ||| qw: Version: 0.3-a-9-g12657ce
     0 | D:1      | 0 ||| qw: Game counter: 3718
     0 | D:1      | 0 ||| qw: Always use a shield: true
     0 | D:1      | 0 ||| qw: God list: Okawaru
     0 | D:1      | 0 ||| qw: Allow faded altars: false
     0 | D:1      | 0 ||| qw: Do Orc after D:15 true
     0 | D:1      | 0 ||| qw: Do second Lair branch before Depths: true
     0 | D:1      | 0 ||| qw: Lair rune preference: random
     0 | D:1      | 0 ||| qw: Plans: Normal
     0 | D:1      | 0 ||| PLANNING D:1-11
   160 | D:1      | Reached XP level 2. HP: 16/16 MP: 4/4
   167 | D:1      | Reached skill level 6 in Ranged Weapons
   264 | D:1      | 264 ||| FLEEEEING.
   338 | D:1      | Reached XP level 3. HP: 20/20 MP: 5/5
   500 | D:1      | 500 ||| READING scroll labelled NEASACKENKEA.
   501 | D:1      | 501 ||| DROPPING scroll of butterflies.
   663 | D:2      | Reached skill level 7 in Ranged Weapons
   930 | D:2      | Reached XP level 4. HP: 25/25 MP: 6/6
  1010 | D:2      | Noticed Sigmund
  1017 | D:2      | 1017 ||| UPGRADING to +1 ring mail of poison resistance.
  1018 | D:2      | Killed from afar by Sigmund

Levels and vault maps discovered:
D:1:      lightli_arrival_windingriver, layout_rooms
D:2:      layout_basic, basic_altar, serial_undead, serial_undead_e,
          serial_undead_c, serial_undead_a, serial_undead_d,
          serial_bayou_pond_e, uniq_sigmund

Skill      XL: |  1  2  3 |
---------------+----------+-----
Ranged Weapons | 6 7 |  7.4
Fighting       | |  1.5
Dodging        | |  2.4
Stealth        | |  1.2

Action                     |  1- 3 |  4- 6 || total
---------------------------+-------+-------++-------
   Fire: Shortbow          |   114 |     6 ||   120
    Use: Scroll            |     1 |       ||     1
 Armour: Leather armour    |    15 |       ||    15
  Dodge: Dodged            |    36 |     2 ||    38

Table legend:
 A = Non-vault XP
 B = Vault XP
 C = Vault XP percentage of total XP
 D = Non-vault monster count
 E = Vault monster count
 F = Vault count percentage of total count
                 A         B        C        D         E       F
            +---------+---------+-------+---------+---------+-------
      Total |      89 |       9 |   9.2 |      38 |       4 |   9.5
            +---------+---------+-------+---------+---------+-------
        D:1 |      43 |       0 |   0.0 |      25 |       0 |   0.0
        D:2 |      46 |       9 |  16.4 |      13 |       4 |  23.5
            +---------+---------+-------+---------+---------+-------
